Match 46711715
Unlisted

Match 46711715
End
Kradschützen Motorcycle Team
Selects Italian Combined Arms Battlegroup
Selects Bersaglieri Squad
Bersaglieri Squad
Bersaglieri Squad
Construct Light Support Kompanie
MG34 Team
2.5-tonne Medical Truck
Selects Bersaglieri Bolster
Fire Support Elements
le.IG 18 Mechanized Group
Construct Mechanized Kompanie
Selects Vehicle Support - Force Recon
Marder III Tank Destroyer
Vehicle Survival Package
StuG III D Assault Gun
Marder III Tank Destroyer
Emergency Repair Kits
Selects Semovente da 75/18 Assault Gun
Selects Strafing Run
Bersaglieri Squad
Selects Artillery Cover
StuG III D Assault Gun
Assault Mechanized Group
Khayyam
Barbar Jinks
Olg
rocketpossum
0
0

Comments sign in to comment!

No comments posted yet!